| TOP OF THE 1ST |
|
Kansas City Royals batting - Pitching for New York Yankees : RHP Mark Clark
|
|
Pitching: RHP Mark Clark
|
|
|
Batting: SHB Roberto Alomar
|
0-0: Ball 1-0: Foul Ball, location: 2F 1-1: SINGLE (Line Drive, 7S, EV 111.3 MPH)
|
|
Batting: LHB Ray Lankford
|
0-0: Ball Roberto Alomar steals 2nd base 1-0: Ball 2-0: Fly out, F8 (Flyball, 78D, EV 102.5 MPH) Runner from 2nd tags up, SAFE at 3rd with throw by CF
|
|
Batting: LHB Jeromy Burnitz
|
0-0: Called Strike 0-1: Foul Ball, location: 2F 0-2: Strikes out looking
|
|
Batting: LHB Jim Thome
|
0-0: Foul Ball, location: 2F 0-1: Foul Ball, location: 2F 0-2: Ball Wild Pitch! Roberto Alomar scores 1-2: Ball 2-2: Ball 3-2: Foul Ball, location: 2F 3-2: SOLO HOME RUN (Flyball, 89XD, EV 97.5 MPH), Distance : 413 ft
|
|
Batting: RHB Richard Hidalgo
|
0-0: Ball 1-0: Called Strike 1-1: Swinging Strike 1-2: Ball 2-2: Ball 3-2: Foul Ball, location: 2F 3-2: Base on Balls
|
|
Batting: RHB Andruw Jones
|
0-0: Foul Ball, location: 2F 0-1: Called Strike 0-2: Ball 1-2: Ball 2-2: Ball 3-2: Strikes out looking
|
| Top of the 1st over - 2 runs, 2 hits, 0 errors, 1 left on base; Kansas City 2 - New York 0 |
| BOTTOM OF THE 1ST |
|
New York Yankees batting - Pitching for Kansas City Royals : RHP Bobby J. Jones
|
|
Pitching: RHP Bobby J. Jones
|
|
|
Batting: RHB Orlando Cabrera
|
0-0: Called Strike 0-1: Ball 1-1: SOLO HOME RUN (Line Drive, 89XD, EV 109.4 MPH), Distance : 408 ft
|
|
Batting: LHB Bobby Abreu
|
0-0: Ball 1-0: Swinging Strike 1-1: Swinging Strike 1-2: Ball 2-2: SINGLE (Line Drive, 89S, EV 91.9 MPH)
|
|
Batting: RHB Mike Lieberthal
|
0-0: Ball 1-0: Foul Ball, location: 2F 1-1: Ball 2-1: SINGLE (Line Drive, 78S, EV 90.0 MPH) Bobby Abreu to second Runner from 2nd tries for 3rd, OUT! 7-5
|
|
Batting: RHB Kazuhiro Kiyohara
|
0-0: Ball 1-0: Called Strike 1-1: Foul Ball, location: 2F 1-2: Strikes out looking
|
|
Batting: RHB Travis Fryman
|
0-0: Foul Ball, location: 2F 0-1: Ball 1-1: Fly out, F9 (Flyball, 9LS, EV 90.0 MPH)
|
| Bottom of the 1st over - 1 run, 3 hits, 0 errors, 1 left on base; Kansas City 2 - New York 1 |
| TOP OF THE 2ND |
|
Kansas City Royals batting - Pitching for New York Yankees : RHP Mark Clark
|
|
Batting: RHB Barry Larkin
|
0-0: Ball 1-0: Called Strike 1-1: Ball 2-1: Ball 3-1: Called Strike 3-2: Strikes out looking
|
|
Batting: LHB Rick Wilkins
|
0-0: Ball 1-0: Foul Ball, location: 2F 1-1: Foul Ball, location: 2F 1-2: Strikes out swinging
|
|
Batting: RHB Tim Naehring
|
0-0: Foul Ball, location: 2F 0-1: Ball 1-1: SINGLE (Groundball, 4MD, EV 97.5 MPH)
|
|
Batting: SHB Roberto Alomar
|
0-0: Ball 1-0: Fly out, F1 (Line Drive, P, EV 73.1 MPH)
|
| Top of the 2nd over - 0 runs, 1 hit, 0 errors, 1 left on base; Kansas City 2 - New York 1 |
| BOTTOM OF THE 2ND |
|
New York Yankees batting - Pitching for Kansas City Royals : RHP Bobby J. Jones
|
|
Batting: RHB Ryan Thompson
|
0-0: Ball 1-0: Called Strike 1-1: SINGLE (Groundball, 56D, EV 94.4 MPH)
|
|
Batting: RHB Mike Gallego
|
0-0: Ball 1-0: Called Strike 1-1: Ball 2-1: SINGLE (Line Drive, 9S, EV 105.6 MPH) Ryan Thompson to second
|
|
Batting: SHB Quinton McCracken
|
0-0: Fly out, F9 (Flyball, 9LM, EV 95.6 MPH)
|
|
Batting: RHB Darren Lewis
|
0-0: Ball 1-0: Foul Ball, location: 2F 1-1: SINGLE (Line Drive, 89S, EV 100.6 MPH) Ryan Thompson to third Mike Gallego to second Runner from 3rd tries for Home, SAFE, throw by CF to home
|
|
Batting: RHB Orlando Cabrera
|
0-0: Called Strike 0-1: Swinging Strike 0-2: Foul Ball, location: 2F 0-2: Ball 1-2: Strikes out swinging
|
|
Batting: LHB Bobby Abreu
|
0-0: Ball 1-0: Ball 2-0: Ball 3-0: Called Strike 3-1: Base on Balls Mike Gallego to third Darren Lewis to second
|
|
Batting: RHB Mike Lieberthal
|
0-0: Fly out, F8 (Line Drive, 8LD, EV 103.8 MPH)
|
| Bottom of the 2nd over - 1 run, 3 hits, 0 errors, 3 left on base; Kansas City 2 - New York 2 |
| TOP OF THE 3RD |
|
Kansas City Royals batting - Pitching for New York Yankees : RHP Mark Clark
|
|
Batting: LHB Ray Lankford
|
0-0: Ball 1-0: Bunt missed! 1-1: Ball 2-1: Foul Ball, location: 2F 2-2: Fly out, F9 (Flyball, 89D, EV 104.4 MPH)
|
|
Batting: LHB Jeromy Burnitz
|
0-0: Ball 1-0: Ground out U3 (Groundball, 3, EV 103.1 MPH)
|
|
Batting: LHB Jim Thome
|
0-0: Called Strike 0-1: Ball 1-1: Ball 2-1: Fly out, F9 (Line Drive, 9D, EV 89.4 MPH)
|
| Top of the 3rd over - 0 runs, 0 hits, 0 errors, 0 left on base; Kansas City 2 - New York 2 |
| BOTTOM OF THE 3RD |
|
New York Yankees batting - Pitching for Kansas City Royals : RHP Bobby J. Jones
|
|
Batting: RHB Kazuhiro Kiyohara
|
0-0: Ball 1-0: Ball 2-0: Called Strike 2-1: Ground out 1-3 (Groundball, 15S, EV 68.1 MPH)
|
|
Batting: RHB Travis Fryman
|
0-0: Called Strike 0-1: Foul Ball, location: 2F 0-2: Reached on error, E1 (Groundball, 34S, EV 83.1 MPH)
|
|
Batting: RHB Ryan Thompson
|
0-0: Called Strike 0-1: Called Strike 0-2: Fielders Choice at 2nd, 1-4 (Groundball, 15S, EV 75.6 MPH)
|
|
Batting: RHB Mike Gallego
|
0-0: Ball 1-0: Swinging Strike 1-1: Foul Ball, location: 2F 1-2: Ball 2-2: Ball Ryan Thompson is caught stealing 2nd base 2-4
|
| Bottom of the 3rd over - 0 runs, 0 hits, 1 error, 0 left on base; Kansas City 2 - New York 2 |
| TOP OF THE 4TH |
|
Kansas City Royals batting - Pitching for New York Yankees : RHP Mark Clark
|
|
Batting: RHB Richard Hidalgo
|
0-0: Ball 1-0: Swinging Strike 1-1: Ball 2-1: Foul Ball, location: 2F 2-2: DOUBLE (Line Drive, 89XD, EV 98.8 MPH)
|
|
Batting: RHB Andruw Jones
|
0-0: Ball 1-0: Fly out, F9 (Flyball, 89XD, EV 93.1 MPH) Runner from 2nd tags up, SAFE at 3rd, no throw by RF
|
|
Batting: RHB Barry Larkin
|
0-0: Called Strike 0-1: Called Strike 0-2: Ball 1-2: Fly out, F7 (Flyball, 78M, EV 81.9 MPH) Runner from 3rd tags up, SCORES, no throw by LF
|
|
Batting: LHB Rick Wilkins
|
0-0: Ball 1-0: Fly out, F4 (Popup, 4MS, EV 71.9 MPH)
|
| Top of the 4th over - 1 run, 1 hit, 0 errors, 0 left on base; Kansas City 3 - New York 2 |
| BOTTOM OF THE 4TH |
|
New York Yankees batting - Pitching for Kansas City Royals : RHP Bobby J. Jones
|
|
Batting: RHB Mike Gallego
|
0-0: Ball 1-0: Ball 2-0: SINGLE (Groundball, 56D, EV 102.5 MPH)
|
|
Batting: SHB Quinton McCracken
|
0-0: SINGLE (Flyball, 9LS, EV 93.8 MPH) Mike Gallego to second Mike Gallego to third
|
|
Batting: RHB Darren Lewis
|
0-0: Called Strike 0-1: Ball 1-1: Ball 2-1: Ball Quinton McCracken steals 2nd base 3-1: Foul Ball, location: 2F 3-2: Fly out, F8 (Flyball, 8LD, EV 93.8 MPH) Runner from 3rd tags up, SCORES, throw by CF
|
|
Batting: RHB Orlando Cabrera
|
0-0: Ball 1-0: Ball 2-0: Swinging Strike 2-1: Called Strike 2-2: Strikes out looking
|
|
Batting: LHB Bobby Abreu
|
0-0: Ground out 1-3 (Groundball, 34S, EV 66.9 MPH)
|
| Bottom of the 4th over - 1 run, 2 hits, 0 errors, 1 left on base; Kansas City 3 - New York 3 |
| TOP OF THE 5TH |
|
Kansas City Royals batting - Pitching for New York Yankees : RHP Mark Clark
|
|
Batting: RHB Tim Naehring
|
0-0: Ball 1-0: Called Strike 1-1: Fly out, F8 (Flyball, 8RS, EV 87.5 MPH)
|
|
Batting: SHB Roberto Alomar
|
0-0: Ball 1-0: Ball 2-0: Ground out 4-3 (Groundball, 4, EV 89.4 MPH)
|
|
Batting: LHB Ray Lankford
|
0-0: Called Strike 0-1: Fly out, F8 (Flyball, 8LM, EV 92.5 MPH)
|
| Top of the 5th over - 0 runs, 0 hits, 0 errors, 0 left on base; Kansas City 3 - New York 3 |
| BOTTOM OF THE 5TH |
|
New York Yankees batting - Pitching for Kansas City Royals : RHP Bobby J. Jones
|
|
Batting: RHB Mike Lieberthal
|
0-0: Called Strike 0-1: Swinging Strike 0-2: Ball 1-2: Strikes out swinging
|
|
Batting: RHB Kazuhiro Kiyohara
|
0-0: Fly out, F4 (Popup, 34, EV 66.3 MPH)
|
|
Batting: RHB Travis Fryman
|
0-0: Called Strike 0-1: Fly out, F8 (Line Drive, 8RD, EV 92.5 MPH)
|
| Bottom of the 5th over - 0 runs, 0 hits, 0 errors, 0 left on base; Kansas City 3 - New York 3 |
| TOP OF THE 6TH |
|
Kansas City Royals batting - Pitching for New York Yankees : RHP Mark Clark
|
|
Batting: LHB Jeromy Burnitz
|
0-0: Foul Ball, location: 2F 0-1: SINGLE (Line Drive, 7S, EV 95.0 MPH)
|
|
Batting: LHB Jim Thome
|
0-0: Ball 1-0: Called Strike 1-1: SINGLE (Flyball, 9S, EV 91.3 MPH) Jeromy Burnitz to second Runner from 2nd tries for 3rd, SAFE, throw by RF made to third
|
|
Batting: RHB Richard Hidalgo
|
0-0: Called Strike 0-1: Swinging Strike 0-2: Fly out, F7 (Flyball, 78M, EV 88.1 MPH) Runner from 3rd tags up, SCORES, no throw by LF
|
|
Batting: RHB Andruw Jones
|
0-0: Swinging Strike 0-1: Ball 1-1: Called Strike 1-2: Ball 2-2: Strikes out swinging
|
|
Batting: RHB Barry Larkin
|
0-0: Ball 1-0: Ball 2-0: Called Strike 2-1: Ball 3-1: Called Strike 3-2: Fly out, F8 (Line Drive, 8RD, EV 95.0 MPH)
|
| Top of the 6th over - 1 run, 2 hits, 0 errors, 1 left on base; Kansas City 4 - New York 3 |
| BOTTOM OF THE 6TH |
|
New York Yankees batting - Pitching for Kansas City Royals : RHP Bobby J. Jones
|
|
Batting: RHB Ryan Thompson
|
0-0: Foul Ball, location: 2F 0-1: Foul Ball, location: 2F 0-2: Strikes out swinging
|
|
Batting: RHB Mike Gallego
|
0-0: Swinging Strike 0-1: Fly out, F8 (Line Drive, 8LD, EV 95.0 MPH)
|
|
Batting: SHB Quinton McCracken
|
0-0: Called Strike 0-1: Ground out 4-3 (Groundball, 34D, EV 84.4 MPH)
|
| Bottom of the 6th over - 0 runs, 0 hits, 0 errors, 0 left on base; Kansas City 4 - New York 3 |
| TOP OF THE 7TH |
|
Kansas City Royals batting - Pitching for New York Yankees : RHP Mark Clark
|
|
Pitching: LHP Bryan Eversgerd
|
|
|
Batting: LHB Rick Wilkins
|
0-0: Ball 1-0: Foul Ball, location: 2F 1-1: Foul Ball, location: 2F 1-2: Ground out 4-3 (Groundball, 4, EV 84.4 MPH)
|
|
Batting: RHB Tim Naehring
|
0-0: Foul Ball, location: 2F 0-1: Called Strike 0-2: Strikes out swinging
|
|
Batting: SHB Roberto Alomar
|
0-0: Foul Ball, location: 2F 0-1: Ball 1-1: SINGLE (Line Drive, 9S, EV 97.5 MPH)
|
|
Batting: LHB Ray Lankford
|
0-0: Foul Ball, location: 2F 0-1: Ball Roberto Alomar steals 2nd base (no throw) 1-1: 2-RUN HOME RUN (Flyball, 9LD, EV 97.5 MPH), Distance : 332 ft
|
|
Batting: LHB Jeromy Burnitz
|
0-0: Ball 1-0: Foul Ball, location: 2F 1-1: Foul Ball, location: 2F 1-2: Ball 2-2: Fly out, F9 (Flyball, 89M, EV 83.1 MPH)
|
| Top of the 7th over - 2 runs, 2 hits, 0 errors, 0 left on base; Kansas City 6 - New York 3 |
| BOTTOM OF THE 7TH |
|
New York Yankees batting - Pitching for Kansas City Royals : RHP Bobby J. Jones
|
|
Batting: RHB Darren Lewis
|
0-0: Ball 1-0: Foul Ball, location: 2F 1-1: SINGLE (Line Drive, 78S, EV 111.9 MPH)
|
|
Batting: RHB Orlando Cabrera
|
0-0: Ball 1-0: Bunted foul 1-1: Ball Darren Lewis is caught stealing 2nd base 2-4 2-1: Foul Ball, location: 2F 2-2: Ground out 6-3 (Groundball, 56, EV 105.0 MPH)
|
|
Batting: LHB Bobby Abreu
|
0-0: Ball 1-0: Ball 2-0: Called Strike 2-1: Called Strike 2-2: Ball 3-2: Fly out, F7 (Flyball, 78M, EV 86.9 MPH)
|
| Bottom of the 7th over - 0 runs, 1 hit, 0 errors, 0 left on base; Kansas City 6 - New York 3 |
| TOP OF THE 8TH |
|
Kansas City Royals batting - Pitching for New York Yankees : LHP Bryan Eversgerd
|
|
Batting: LHB Jim Thome
|
0-0: Called Strike 0-1: Foul Ball, location: 2F 0-2: Strikes out swinging
|
|
Batting: RHB Richard Hidalgo
|
0-0: Ball 1-0: Called Strike 1-1: Ball 2-1: Ball 3-1: Base on Balls
|
|
Pitching: RHP Lee Smith
|
|
|
Batting: RHB Andruw Jones
|
0-0: Called Strike 0-1: Ball 1-1: Ball 2-1: DOUBLE (Flyball, 8RXD, EV 96.9 MPH) Richard Hidalgo to third
|
|
Batting: RHB Barry Larkin
|
0-0: Called Strike 0-1: Swinging Strike 0-2: Strikes out swinging
|
|
Batting: LHB Rick Wilkins
|
0-0: Called Strike 0-1: Ball 1-1: Ball 2-1: Foul Ball, location: 2F 2-2: Ball 3-2: Strikes out swinging
|
| Top of the 8th over - 0 runs, 1 hit, 0 errors, 2 left on base; Kansas City 6 - New York 3 |
| BOTTOM OF THE 8TH |
|
New York Yankees batting - Pitching for Kansas City Royals : RHP Bobby J. Jones
|
|
Batting: RHB Mike Lieberthal
|
0-0: Bunted foul 0-1: Fly out, F6 (Flyball, 56D, EV 87.5 MPH)
|
|
Batting: RHB Kazuhiro Kiyohara
|
0-0: Swinging Strike 0-1: Ball 1-1: Ball 2-1: Foul Ball, location: 2F 2-2: Ball 3-2: Foul Ball, location: 2F 3-2: Strikes out swinging
|
|
Batting: RHB Travis Fryman
|
0-0: Foul Ball, location: 2F 0-1: Ball 1-1: Swinging Strike 1-2: Ground out 5-3 (Groundball, 56, EV 103.1 MPH)
|
| Bottom of the 8th over - 0 runs, 0 hits, 0 errors, 0 left on base; Kansas City 6 - New York 3 |
| TOP OF THE 9TH |
|
Kansas City Royals batting - Pitching for New York Yankees : RHP Lee Smith
|
|
Batting: RHB Tim Naehring
|
0-0: Swinging Strike 0-1: SINGLE (Flyball, 7LM, EV 95.0 MPH)
|
|
Pitching: LHP Doug Simons
|
|
|
Batting: SHB Roberto Alomar
|
0-0: Ball 1-0: Sac Bunt to 2L - play at first, batter OUT! 2-4 Tim Naehring to second
|
|
Batting: LHB Ray Lankford
|
0-0: Ball 1-0: Ball 2-0: Fly out, F6 (Popup, P, EV 88.1 MPH)
|
|
Batting: LHB Jeromy Burnitz
|
0-0: Called Strike 0-1: Ball 1-1: Fly out, F8 (Flyball, 89XD, EV 88.8 MPH)
|
| Top of the 9th over - 0 runs, 1 hit, 0 errors, 1 left on base; Kansas City 6 - New York 3 |
| BOTTOM OF THE 9TH |
|
New York Yankees batting - Pitching for Kansas City Royals : RHP Bobby J. Jones
|
|
Pitching: RHP Armando Benitez
|
|
|
Batting: RHB Ryan Thompson
|
0-0: Foul Ball, location: 2F 0-1: Ball 1-1: Foul Ball, location: 2F 1-2: Strikes out swinging
|
|
Batting: RHB Mike Gallego
|
0-0: Fly out, F7 (Flyball, 7, EV 91.3 MPH)
|
|
Batting: SHB Quinton McCracken
|
0-0: Called Strike 0-1: Foul Ball, location: 2F 0-2: Strikes out swinging
|
| Bottom of the 9th over - 0 runs, 0 hits, 0 errors, 0 left on base; Kansas City 6 - New York 3 |
|